 Dungeon Crawl Stone Soup version 0.29-a0-284-gf9362112df (webtiles) character file.

Game seed: 10017743144187854708

89 being54 the Skirmisher (level 4, -3/29 HPs)
             Began as a Gargoyle Fighter on Mar 21, 2022.
             Engulfed by a cloud of flame (14 damage)
             ... on level 3 of the Dungeon.
             The game lasted 00:04:10 (2173 turns).

being54 the Skirmisher (Gargoyle Fighter)           Turns: 2173, Time: 00:04:11

Health: -3/29      AC: 15    Str: 22    XL:     4   Next: 55%
Magic:  4/4        EV:  6    Int:  8    God:
Gold:   122        SH:  4    Dex:  9    Spells: 3/3 levels left

rFire   . . .      SeeInvis .   a - +0 flail (spect)
rCold   . . .      Faith    .   c - +0 buckler
rNeg    + . .      Spirit   .   f - +0 plate armour
rPois   ∞          Reflect  .   (no helmet)
rElec   +          Harm     .   (no cloak)
rCorr   .          Rampage  .   (no gloves)
Will    .....                   (no boots)
Stlth   ..........              (no amulet)
HPRegen 0.09/turn               (no ring)
MPRegen 0.09/turn               (no ring)

@: no status effects
A: sickness immunity, AC +3, negative energy resistance 1, electricity
resistance, torment resistance 1, petrification resistance
a: no special abilities


You were on level 3 of the Dungeon.
You visited 1 branch of the dungeon, and saw 3 of its levels.

You collected 122 gold pieces.

Inventory:

Hand Weapons
 a - a +0 spectral flail (weapon)
Armour
 c - a +0 buckler (worn)
 f - a +0 plate armour (worn)
Scrolls
 h - 2 scrolls of fear
Potions
 b - a potion of resistance
 d - a potion of might
 e - a potion of curing
 i - a potion of flight {unknown}
 j - a potion of berserk rage {unknown}
 k - a potion of attraction {unknown}


   Skills:
 + Level 4.2 Fighting
 * Level 4.0 Maces & Flails
 - Level 3.2 Armour
 - Level 3.2 Shields


You had 3 spell levels left.
You didn't know any spells.
Your spell library contained the following spells:

 Spells                   Type           Power      Damage    Failure   Level
 Magic Dart               Conj           0%         1d3       100%        1
 Searing Ray              Conj           0%         2d4       100%        2
 Fulminant Prism          Conj/Hex       0%         3d6       100%        4
 Olgreb's Toxic Radiance  Pois           0%         N/A       100%        4
 Ozocubu's Refrigeration  Ice            0%         4d5       100%        7
 Ignition                 Fire           0%         3d3       100%        8


Dungeon Overview and Level Annotations

Branches:
Dungeon (3/15)

Altars:


Innate Abilities, Weirdness & Mutations

You are immune to sickness and miasma.
Your stone body is resilient. (AC +3)
You are immune to poison.
You resist negative energy. (rN+)
You are resistant to electric shocks. (rElec)
You are resistant to unholy torment.
You are immune to petrification.


Message History

Done exploring.
Done exploring.
Okay, then.
(D) Dungeon
Where to? (Enter - D:2, ? - help)
Things that are here:
a +0 dagger; 6 stones
There is a stone staircase leading down here.
You climb downwards.
Found 12 gold pieces.
There is a stone staircase leading up here.
There are monsters nearby!
Found a robe.
You sock the hobgoblin!
You kill the hobgoblin!
You hit the rat.
You kill the rat!
Your Maces & Flails skill increases to level 4!
No target in view!
There is a stone staircase leading up here.
Found a hand axe.
You now have 122 gold pieces (gained 12).
g - a scroll labelled ZOOFREREGE An adder comes into view.
The adder hisses angrily.
As you read the scroll labelled ZOOFREREGE, it crumbles to dust.
The creatures around you are filled with an inner flame!
It was a scroll of immolation.
A worm comes into view.
The adder bites you.
You hit the adder.
Flame seeps out of the adder.
The adder is heavily wounded.
Your +0 spectral flail hits the adder!
The adder explodes!
The fiery explosion engulfs the worm!!
You kill the worm!
The fiery explosion engulfs you!
Ouch! That really hurt!
You are engulfed in blazing flames.
You die...

#. .# #. .# #. .# ##.
.# ..#.# §§§######
#○(.....#
#######@§.....#
.........)....#
#######.......# ..#
#.......# #########.#
#.......# ........#.#
#.......# #.........#
#.......#
#.........###.......#
#........<.......####


You could see a friendly +0 spectral flail (summoned, wandering).

Vanquished Creatures
  2 adders
  A worm (D:3)
  A dart slug (D:2)
  9 endoplasms
  9 giant cockroaches
  7 goblins
  8 hobgoblins
  4 jackals (D:1)
  A quokka (D:1)
  8 ball pythons
  3 bats
  3 frilled lizards
  7 kobolds
  6 rats
69 creatures vanquished.

Notes
Turn   | Place    | Note
-------+----------+-------------------------------------------
     0 | D:1      | being54 the Gargoyle Fighter began the quest for the Orb.
     0 | D:1      | Reached XP level 1. HP: 14/14 MP: 1/1
     1 | D:1      | Found a runed translucent door.
    46 | D:1      | Reached XP level 2. HP: 12/19 MP: 2/2
   515 | D:1      | Reached XP level 3. HP: 22/24 MP: 3/3
  1382 | D:2      | Found a faded altar of an unknown god.
  1423 | D:2      | Reached XP level 4. HP: 29/29 MP: 4/4
  2173 | D:3      | Engulfed by a cloud of flame

Illustrated notes

Levels and vault maps discovered:
D:1:      dpeg_arrival_caged_fury, layout_basic, st_stairs_10
D:2:      layout_loops_ring, basic_ecumenical_altar
D:3:      layout_basic, serial_shops, nicolae_shop_crystal

Skill      XL: |  1  2  3  4 |
---------------+-------------+-----
Maces & Flails | 3 4 |  4.0
Fighting       | 4 |  4.2
Armour         | |  3.2
Shields        | |  3.2

Action                   |  1- 3 |  4- 6 || total
-------------------------+-------+-------++-------
Melee: Flail             |    91 |    37 ||   128
  Use: Scroll            |     4 |     4 ||     8
Armor: Scale mail        |    42 |       ||    42
       Plate armour      |    63 |    17 ||    80
Dodge: Dodged            |    46 |     7 ||    53
Block: Buckler           |    25 |     3 ||    28

Table legend: (Time is in decaauts)
 A = Elapsed time spent in this place.
 B = Non-inter-level travel time spent in this place.
 C = Inter-level travel time spent in this place.
 D = Time resting spent in this place.
 E = Time spent auto-exploring this place.
 F = Levels seen in this place.
 G = Mean time per level.
                   A        B        C        D        E       F      G
               +--------+--------+--------+--------+--------+-----+--------+
         Total |   2209 |   2143 |     66 |    338 |   1449 |   3 |  736.3 |
       Dungeon |   2209 |   2143 |     66 |    338 |   1449 |   3 |  736.3 |
               +--------+--------+--------+--------+--------+-----+--------+

Top non-repeatable levels by time:
     D:1: 1383 daAuts
     D:2: 800 daAuts
     D:3: 25 daAuts
